 Dungeon Crawl Stone Soup version 0.19.1 (webtiles) character file.

395 kengeki the Firebug (level 6, -2/36 HPs)
             Began as a High Elf Fire Elementalist on Nov 29, 2016.
             Shot with an arrow by a centaur (13 damage)
             ... on level 5 of the Dungeon.
             The game lasted 00:26:41 (4707 turns).

kengeki the Firebug (High Elf Fire Elementalist)    Turns: 4707, Time: 00:26:42

Health: -2/36      AC:  2    Str:  7    XL:     6   Next: 52%
Magic:  1/13       EV: 13    Int: 22    God:
Gold:   104        SH:  0    Dex: 15    Spells: 4 memorised, 2 levels left

rFire  . . .     SeeInvis .     a - +0 dagger
rCold  . . .     Gourm    .     i - +0 robe
rNeg   + . .     Faith    .     (no shield)
rPois  .         Spirit   .     (no helmet)
rElec  .         Reflect  .     (no cloak)
rCorr  .         Harm     .     (no gloves)
MR     .....                    (no boots)
Stlth  ++........               s - amulet of regeneration
                                (no ring)
                                k - ring of positive energy

@: very slightly contaminated
A: no striking features
a: no special abilities


You were on level 5 of the Dungeon.
You were not hungry.

You visited 1 branch of the dungeon, and saw 5 of its levels.

You collected 104 gold pieces.

Inventory:

Hand Weapons
 a - a +0 dagger (weapon)
Armour
 i - a +0 robe (worn)
Jewellery
 k - a ring of positive energy (left hand)
 s - an amulet of regeneration (around neck)
Wands
 r - a wand of lightning (9/15)
Scrolls
 m - a scroll of immolation {unknown}
 n - a scroll of recharging {unknown}
 o - a scroll of random uselessness {unknown}
 q - a scroll of teleportation {unknown}
Potions
 e - 2 potions of curing
 f - 2 potions of might
 g - a potion of cancellation
 l - 2 potions of agility
Books
 b - a book of Flames

   Spells                             Type                      Level
   a - Flame Tongue                   Conjuration/Fire             1
   b - Throw Flame                    Conjuration/Fire             2
   c - Conjure Flame                  Conjuration/Fire             3
   d - Inner Flame                    Hexes/Fire                   3
   e - Sticky Flame                   Conjuration/Fire             4
   f - Fireball                       Conjuration/Fire             5
Comestibles
 c - 3 bread rations
 d - a slice of pizza
 h - 2 chunks of flesh
 j - a fruit
 p - a beef jerky


   Skills:
 - Level 2.1 Dodging
 - Level 2.1 Stealth
 + Level 4.6 Spellcasting
 + Level 4.3 Conjurations
 + Level 5.0 Fire Magic


You had 2 spell levels left.
You knew the following spells:

 Your Spells              Type           Power        Failure   Level  Hunger
f - Fireball              Conj/Fire      ####......   50%         5    #####..
o - Flame Tongue          Conj/Fire      ####.        1%          1    None
s - Sticky Flame          Conj/Fire      ####....     17%         4    ####...
t - Throw Flame           Conj/Fire      ####..       2%          2    None


Dungeon Overview and Level Annotations

Branches:
Dungeon (5/15)
 Temple: D:4-7

Altars:

Shops:
D:4 (*


Message History

Casting: Sticky Flame
Confirm with . or Enter, or press ? or * to list all spells.
Aiming: Sticky Flame
Press: ? - help, Shift-Dir - straight line, f/p - centaur
Aim: a centaur You miscast Sticky Flame.
Sparks fly from your hands! The centaur barely misses you.
The centaur hits you!
Casting: Sticky Flame
Confirm with . or Enter, or press ? or * to list all spells.
Aiming: Sticky Flame
Press: ? - help, Shift-Dir - straight line, f/p - centaur
Aim: a centaur The sticky flame hits the centaur.
The centaur is moderately wounded.
The centaur is covered in liquid flames!
The centaur burns!
The centaur hits you!
The centaur burns!
The centaur wields an uncursed shortbow.
The centaur shoots an arrow.
The arrow hits you!
You die...

......#.......###
........#.#.#.#.#
#.....#........#
#.#..#..#......#
#...#....#.....+
#..#......#....#######
#.#..#.........c......
#............#(#$####.
#######.รท##.##@# #
#.......##.##....#
#.......##.##....#
#####.#.##.##....#
#.#.##<##....$.
#.#.#####....... # #..
#........ #..
#....###.


You could see a centaur (burning).

Vanquished Creatures
  A scorpion (D:4)
  A hound (D:4)
  2 orc priests (D:3)
  An orc wizard (D:4)
  An iguana (D:5)
  2 worker ants
  5 adders
  4 worms
  2 dart slugs
  3 leopard geckos
  9 orcs
  3 ball pythons
  6 bats
  2 giant cockroaches
  8 goblins
  8 hobgoblins
  8 jackals
  3 quokkas
  5 frilled lizards
  5 kobolds
  A quokka skeleton (D:4)
  12 rats
92 creatures vanquished.

Notes
Turn   | Place    | Note
-------+----------+-------------------------------------------
     0 | D:1      | kengeki the High Elf Fire Elementalist began the quest for the Orb.
     0 | D:1      | Reached XP level 1. HP: 11/11 MP: 4/4
   328 | D:1      | Reached XP level 2. HP: 16/17 MP: 4/6
   332 | D:1      | Learned a level 2 spell: Throw Flame
  1107 | D:1      | Reached XP level 3. HP: 21/21 MP: 5/8
  2287 | D:3      | Reached XP level 4. HP: 27/27 MP: 7/9
  2308 | D:2      | Learned a level 4 spell: Sticky Flame
  2582 | D:3      | Reached skill level 4 in Fire Magic
  2867 | D:3      | Reached XP level 5. HP: 31/31 MP: 4/11
  3719 | D:4      | Found Japageof's Antique Weapon Shoppe.
  3859 | D:4      | Reached XP level 6. HP: 36/36 MP: 11/13
  3935 | D:4      | Learned a level 5 spell: Fireball
  4063 | D:4      | Found Rasanit's General Store.
  4543 | D:5      | Entered Level 5 of the Dungeon
  4619 | D:5      | Reached skill level 5 in Fire Magic
  4707 | D:5      | Shot with an arrow by a centaur

Skill      XL: |  1  2  3  4  5  6 |
---------------+-------------------+-----
Conjurations   | 2 3 4 |  4.3
Spellcasting   | 3 4 |  4.6
Fire Magic     | 4 5 |  5.0
Dodging        | |  2.1
Stealth        | |  2.1

Action                   |  1- 3 |  4- 6 || total
-------------------------+-------+-------++-------
Melee: Unarmed           |     2 |       ||     2
       Hand axe          |     4 |     5 ||     9
       Dagger            |       |     7 ||     7
 Cast: Flame Tongue      |    60 |    62 ||   122
       Throw Flame       |    27 |    26 ||    53
       Sticky Flame      |       |     6 ||     6
  Use: Scroll            |     1 |     1 ||     2
       Potion            |     4 |     1 ||     5
 Stab: Sleeping          |       |     1 ||     1
  Eat: Chunk             |     5 |     9 ||    14
Armor: Robe              |     1 |     5 ||     6
Dodge: Dodged            |    11 |    26 ||    37
